[gd_scene load_steps=15 format=3 uid="uid://0110lcf3hnd6"]

[ext_resource type="PackedScene" uid="uid://cuamknnphjgqc" path="res://src/model/environment/resources/ResourceNode.tscn" id="1_atcs1"]
[ext_resource type="Texture2D" uid="uid://iogumrhyncrv" path="res://assets/environment/Tree_64x64.png" id="2_0bkgk"]
[ext_resource type="Script" path="res://src/model/environment/resources/tree.gd" id="2_h06tw"]
[ext_resource type="Shader" uid="uid://d1uxmyoexu5ws" path="res://src/model/white_flash.tres" id="3_bbnfe"]
[ext_resource type="Script" path="res://src/resources/rLootProgress.gd" id="3_xdsie"]
[ext_resource type="Script" path="res://src/resources/rLoot.gd" id="5_gwusb"]
[ext_resource type="Script" path="res://src/resources/rRngLoot.gd" id="6_nmuku"]
[ext_resource type="Script" path="res://src/model/components/combat/toolHurtbox.gd" id="8_53x5i"]

[sub_resource type="RectangleShape2D" id="RectangleShape2D_k8tr4"]
size = Vector2(9.5, 9)

[sub_resource type="CircleShape2D" id="CircleShape2D_o000v"]
radius = 27.0

[sub_resource type="ShaderMaterial" id="ShaderMaterial_m776g"]
shader = ExtResource("3_bbnfe")
shader_parameter/HitFlashColor = null
shader_parameter/ColorOverlayWeight = Vector4(0.5, 0.5, 0.5, 0.5)
shader_parameter/Enabled = false

[sub_resource type="Resource" id="Resource_y7koh"]
script = ExtResource("3_xdsie")
value = 2.0
guaranteed_loot = Array[ExtResource("5_gwusb")]([])
rng_loot = Array[ExtResource("6_nmuku")]([])

[sub_resource type="Resource" id="Resource_buscd"]
script = ExtResource("3_xdsie")
value = 1.0
guaranteed_loot = Array[ExtResource("5_gwusb")]([])
rng_loot = Array[ExtResource("6_nmuku")]([])

[sub_resource type="Resource" id="Resource_jsb2v"]
script = ExtResource("3_xdsie")
value = 0.0
guaranteed_loot = Array[ExtResource("5_gwusb")]([])
rng_loot = Array[ExtResource("6_nmuku")]([])

[node name="Tree" node_paths=PackedStringArray("_loot_progress_component", "_sprite") instance=ExtResource("1_atcs1")]
script = ExtResource("2_h06tw")
required_tool = 2
_resource_hp = 3
_destroy_on_zero_hp = true
_loot_progress_component = NodePath("LootProgressComponent")
_sprite = NodePath("ClickableSprite2DComponent")
_resource_hp_to_sprite_map = Dictionary[int, int]({
1: 1,
3: 0
})

[node name="CollisionShape2D" type="CollisionShape2D" parent="." index="0"]
position = Vector2(2.25, 0)
shape = SubResource("RectangleShape2D_k8tr4")

[node name="ClickableSprite2DComponent" parent="." index="1"]
texture = ExtResource("2_0bkgk")
hframes = 2

[node name="InteractableComponent" parent="." index="2" node_paths=PackedStringArray("interactable_owner")]
interactable_owner = NodePath("..")
is_enabled = true

[node name="CollisionShape2D" type="CollisionShape2D" parent="InteractableComponent" index="2"]
position = Vector2(2, 16)
shape = SubResource("CircleShape2D_o000v")

[node name="FlashComponent" parent="." index="4"]
_material = SubResource("ShaderMaterial_m776g")

[node name="LootProgressComponent" parent="." index="5"]
_loot_drops_by_hp = Array[ExtResource("3_xdsie")]([SubResource("Resource_y7koh"), SubResource("Resource_buscd"), SubResource("Resource_jsb2v")])

[node name="ComponentToolHurtbox" type="Area2D" parent="." index="6"]
script = ExtResource("8_53x5i")

[node name="CollisionPolygon2D" type="CollisionPolygon2D" parent="ComponentToolHurtbox" index="0"]
position = Vector2(2, 4)
polygon = PackedVector2Array(-4, 22, -4, 2, -4, -1, 15, -3, 15, 6, 5, 8, 5, 22)

[connection signal="hurt" from="ComponentToolHurtbox" to="." method="_on_tool_hurtbox_hurt"]
